 Dungeon Crawl Stone Soup version 0.27.0-1-g7a089689b8 (webtiles) character file.

Game seed: 17283610873700915143

89 ZombieSheep the Skirmisher (level 4, -5/37 HPs)
             Began as a Formicid Abyssal Knight on Aug 3, 2021.
             Was a Believer of Lugonu.
             Killed by an exploding orc (40 damage)
             ... ignited by their inner flame
             ... on level 3 of the Dungeon.
             The game lasted 00:06:25 (2899 turns).

ZombieSheep the Skirmisher (FoAK)                   Turns: 2899, Time: 00:06:27

Health: -5/37      AC: 11    Str: 17    XL:     4   Next: 84%
Magic:  6/6        EV:  7    Int: 12    God:    Lugonu [**....]
Gold:   152        SH:  0    Dex: 10    Spells: 3/3 levels left

rFire    . . .     SeeInvis +   a - +4 trident
rCold    . . .     Faith    .   (no shield)
rNeg     + . .     Spirit   .   d - +0 chain mail
rPois    .         Reflect  .   (helmet unavailable)
rElec    .         Harm     .   n - +1 cloak
rCorr    .         Rampage  .   (no gloves)
Will     .....                  (no boots)
Stlth    ..........             (no amulet)
HPRegen  0.12/turn              b - ring of positive energy
MPRegen  0.10/turn              (no ring)

@: no status effects
A: permanent stasis, dig shafts and tunnels, antennae 3, four strong arms
a: Dig, Shaft Self, Renounce Religion, Depart the Abyss, Bend Space


You were on level 3 of the Dungeon.
You worshipped Lugonu.
Lugonu was pleased with you.
You visited 1 branch of the dungeon, and saw 3 of its levels.
You visited the Abyss 1 time.

You collected 152 gold pieces.

Inventory:

Hand Weapons
 a - a +4 trident (weapon)
 e - a +1 spear
Armour
 d - a +0 chain mail (worn)
 g - a +0 plate armour
 n - a +1 cloak (worn)
Jewellery
 b - a ring of positive energy (left hand)
 j - a ring of magical power
Scrolls
 c - 2 scrolls of enchant weapon
Potions
 f - a potion of brilliance {unknown}
 k - a potion of curing {unknown}
 l - a potion of flight {unknown}


   Skills:
 + Level 3.9 Fighting
 + Level 2.6 Polearms
 + Level 3.0 Armour
 + Level 1.7 Dodging
 + Level 3.1 Invocations


You had 3 spell levels left.
You didn't know any spells.
Your spell library was empty.

Dungeon Overview and Level Annotations

Branches:
Dungeon (3/15)

Altars:
Gozag

Shops:
D:1 ?[   D:2 *

Annotations:
D:3 3 runed translucent doors, pkoi's ghost, amateur MiAr


Innate Abilities, Weirdness & Mutations

You cannot be hasted, slowed, berserked, paralysed or teleported.
You can dig through walls and to a lower floor.
You have a pair of large antennae on your head. (SInv)
Your four strong arms can wield two-handed weapons with a shield.


Message History

There is a large open door here.
There is a large open door here.
Items here: ( )) [[ †.
You see here a frilled lizard corpse.
There is an open door here.
Found a stone staircase leading up.
You see here a +0 trident.
There is an open door here.
The endoplasm quivers.
The jelly quivers.
You sense a monster nearby.
An orc comes into view. It is wielding a +0 dagger.
Pkoi's ghost turns its malevolent gaze towards you.
The orc shouts!
An orc is nearby!
As you read the scroll labelled EGOGOL GEAL, it crumbles to dust.
It is a scroll of enchant armour.
Your +0 cloak glows green for a moment.
The ball python hisses angrily.
As you read the scroll labelled RAJAIL EPRU XIOFO, it crumbles to dust.
The creatures around you are filled with an inner flame!
It was a scroll of immolation.
As you read the scroll labelled ODGHIA EXEOL, it crumbles to dust.
You hear a loud clanging noise!
It was a scroll of noise.
(D) Dungeon
Where to? (Enter - D:3, ? - help)
What level of the Dungeon? (default 1, ? - help)
An orc is nearby!
You barely miss the orc. The orc hits you but does no damage.
You closely miss the orc. The orc hits you with a +0 dagger.
Unknown command.
You hit the orc.
Flame seeps out of the orc.
The orc is severely wounded.
The orc is engulfed in blazing flames.
Lugonu accepts your kill.
The orc explodes!
The fiery explosion engulfs you!!!
Ouch! That really hurt!
You die...

# #.....# #.# #.#.##....## #
#.....# #.## #.#.##....## #
#.....# #..# #.#.##....##
#######.....# ##.## #.#.##....##
.....##.....#####..###.#.########
.......).........................
####.#############.###.#.#####..#
#.# #.....#.#......... ####'#####
.###@##..#.#######..#
#........#.....○§....#......##..#
#...)....#....§§§.##.######.#....
#........#.##+++##......# #.###'#
####'#######..SJJ####.#.# #.##...
.....# #..$_$W. #...# #.##...
.....######8.$8..8 ##..# #.##...
..........#......∩ #..# #.##...
####.####### {######.# #..'...


You could see a jelly, pkoi's ghost, an endoplasm and a ball python.

Vanquished Creatures
  2 adders
  A dart slug (D:2)
  5 orcs (D:3)
  3 endoplasms
  4 giant cockroaches
  6 goblins
  8 hobgoblins
  2 jackals (D:1)
  5 quokkas
  6 ball pythons
  6 bats
  4 frilled lizards
  6 kobolds
  2 rats
60 creatures vanquished.

Notes
Turn   | Place    | Note
-------+----------+-------------------------------------------
     0 | Abyss:1  | ZombieSheep the Formicid Abyssal Knight began the quest for
                  | the Orb.
     0 | Abyss:1  | Reached XP level 1. HP: 18/18 MP: 2/2
    99 | Abyss:1  | Noticed an ancient zyme
   101 | D:1      | Escaped the Abyss
   184 | D:1      | Reached skill level 1 in Dodging
   188 | D:1      | Reached * piety under Lugonu
   338 | D:1      | Reached XP level 2. HP: 24/24 MP: 3/3
   570 | D:1      | Found Reantoir's Antique Armour Shop.
   780 | D:1      | Found Huakk's Magic Scroll Shoppe.
   956 | D:1      | Reached XP level 3. HP: 29/29 MP: 4/4
   991 | D:1      | Found a faded altar of an unknown god.
  1342 | D:2      | Found an opulent altar of Gozag.
  1375 | D:2      | Found Kunefoph's Assorted Antiques.
  1634 | D:2      | Reached ** piety under Lugonu
  1635 | D:2      | Reached XP level 4. HP: 35/37 MP: 6/6
  2249 | D:3      | Found a runed translucent gate.
  2249 | D:3      | Found a runed translucent gate.
  2251 | D:3      | Found a runed translucent gate.
  2252 | D:3      | Found an opulent altar of Gozag.
  2893 | D:3      | Noticed pkoi's ghost (amateur MiAr)
  2899 | D:3      | Killed by an exploding orc... ignited by their inner flame

Illustrated notes

Levels and vault maps discovered:
D:1:      dpeg_arrival_three_bigger_balls, layout_basic, serial_shops,
          nicolae_shop_behind_doors, shop,
          dreamdust_ecumenical_altar_hidden_monk_grotto, serial_rivers,
          chequers_serial_rivers_micro_e, chequers_serial_rivers_small_3,
          chequers_serial_rivers_small_3, chequers_serial_rivers_micro_d,
          chequers_serial_rivers_micro_b, chequers_garden
D:2:      layout_basic, basic_altar, serial_shops, shop
D:3:      layout_basic, ebering_ghost_gozag

Skill      XL: |  1  2  3  4 |
---------------+-------------+-----
Dodging        | 1 |  1.7
Invocations    | 3 |  3.1
Armour         | 3 |  3.0
Fighting       | |  3.9
Polearms       | |  2.6

Action                   |  1- 3 |  4- 6 || total
-------------------------+-------+-------++-------
Melee: Spear             |   110 |    81 ||   191
       Trident           |       |     6 ||     6
Invok: Depart the Abyss  |     1 |       ||     1
  Use: Scroll            |     3 |     3 ||     6
       Potion            |       |     1 ||     1
Armor: Chain mail        |    60 |    44 ||   104
Dodge: Dodged            |    31 |    21 ||    52
